 Dungeon Crawl Stone Soup version 0.31.0-12-g77e489cdc1 (webtiles) character file.

Game seed: 14051898399248177579

84 Curundu the Chopper (level 4, -2/41 HPs)
             Began as a Minotaur Berserker on Feb 21, 2024.
             Was a Believer of Trog.
             Slain by Natasha (6 damage)
             ... on level 2 of the Dungeon.
             The game lasted 00:03:02 (1305 turns).

Curundu the Chopper (Minotaur Berserker)            Turns: 1305, Time: 00:03:02

Health: -2/41      AC:  2    Str: 23    XL:     4   Next: 24%
Magic:  3/3        EV: 12    Int:  4    God:    Trog [**....]
Gold:   63         SH:  0    Dex: 10    Spells: 3/3 levels left

rFire   . . .        a - +0 hand axe
rCold   . . .        (no shield)
rNeg    . . .        b - +0 animal skin
rPois   .            (helmet restricted)
rElec   .            (no cloak)
rCorr   .            (no gloves)
SInv    .            (no boots)
Will    .....        (no amulet)
Stlth   +            (no ring)
HPRegen 0.26/turn    (no ring)
MPRegen 0.08/turn

%: no passive effects
@: no status effects
A: horns 2, retaliatory headbutt
a: Renounce Religion, Berserk, Trog's Hand


You were on level 2 of the Dungeon.
You worshipped Trog.
Trog was pleased with you.
You visited 1 branch of the dungeon, and saw 2 of its levels.

You collected 63 gold pieces.

Inventory:

Hand Weapons
 a - a +0 hand axe (weapon)
Missiles
 h - 2 boomerangs (quivered)
Armour
 b - a +0 animal skin (worn)
Scrolls
 c - 4 scrolls of identify {unknown}
 f - 2 scrolls of revelation {unknown}
 i - a scroll of torment {unknown}
 j - a scroll of teleportation {unknown}
Potions
 d - 2 potions of ambrosia {unknown}
 e - a potion of degeneration {unknown}
 g - 2 potions of lignification {unknown}
 k - a potion of mutation {unknown}
 l - a potion of heal wounds {unknown}


   Skills:
 + Level 4.5 Fighting
 + Level 5.0 Axes
 + Level 2.6 Armour
 + Level 2.8 Dodging
 + Level 0.2 Stealth


You had 3 spell levels left.
You didn't know any spells.
Your spell library was empty.

Dungeon Overview and Level Annotations

Branches:
Dungeon (2/15)

Altars:

Annotations:
D:2 Natasha


Innate Abilities, Weirdness & Mutations

You have a pair of horns on your head.
You reflexively headbutt those who attack you in melee.


Message History

Natasha howls an incantation.
Natasha shimmers violently.
Natasha mumbles some strange words.
Natasha claws you.
You hit Natasha.
You kill Natasha!
Trog accepts your kill.
Trog appreciates your killing of a magic user.
Natasha screams in fury as she dies!
The cerulean imp disappears in a puff of smoke!
Your Axes skill increases to level 5!
You have reached level 4!
You feel agile.
HP restored.
c - 4 scrolls labelled WYEBAT HEWNE (gained 1)
You see here the felid corpse of Natasha.
Natasha, Servant of Life and Death comes into view.
She is carrying a wand of flame.
You fail to use your ability.
Natasha hisses angrily.
Natasha zaps a wand.
The puff of flame hits you!
Natasha stares at you and mumbles some strange words.
The magic dart hits you!
Natasha mumbles some strange words.
Natasha's front paws start to glow.
Natasha closely misses you. You furiously retaliate!
You headbutt Natasha, but do no damage. Natasha closely misses you.
Natasha zaps a wand.
The puff of flame hits you!
* * * LOW HITPOINT WARNING * * *
You closely miss Natasha. Natasha barely misses you. You furiously retaliate!
You headbutt Natasha. You hit Natasha but do no damage.
Natasha is heavily wounded.
Natasha zaps a wand.
The puff of flame hits you.
* * * LOW HITPOINT WARNING * * *
You barely miss Natasha.
Natasha is moderately wounded.
Natasha claws you.
You die...
Natasha curls up and begins to purr.

### #...........#.. ....
######.............#
....#####............#######
................###†##
..............#.# #.#
..............#.# #.#
..##.........#.###.##
#...<......#.....>###
###....h@...........##
#....###...#......#..####
####.# #...........#.....
#....###...#.......##....
###.....##...........÷... #.
#...###............##.>.. ...
##.###.............######
...##........................
.............................


You could see Natasha.

Vanquished Creatures
  Natasha (twice) (D:2)
  2 dart slugs
  3 ball pythons
  2 endoplasms (D:1)
  A giant cockroach (D:1)
  6 goblins (D:1)
  2 hobgoblins
  A quokka (D:1)
  5 bats
  2 kobolds (D:1)
  4 rats
30 creatures vanquished.

Notes
Turn   | Place    | Note
-------+----------+-------------------------------------------
     0 | D:1      | Curundu the Minotaur Berserker began the quest for the Orb.
     0 | D:1      | Reached XP level 1. HP: 19/19 MP: 0/0
   258 | D:1      | Reached skill level 4 in Axes
   258 | D:1      | Reached XP level 2. HP: 26/27 MP: 1/1
   827 | D:2      | Reached ** piety under Trog
   844 | D:2      | Reached XP level 3. HP: 32/33 MP: 2/2
   917 | D:2      | Noticed Natasha
   930 | D:2      | Killed Natasha
  1144 | D:2      | Noticed Natasha
  1161 | D:2      | Killed Natasha
  1162 | D:2      | Reached skill level 5 in Axes
  1162 | D:2      | Reached XP level 4. HP: 13/41 MP: 3/3
  1294 | D:2      | Noticed Natasha
  1305 | D:2      | Slain by Natasha

Illustrated notes

Levels and vault maps discovered:
D:1:      ebering_hopf_link, layout_basic
D:2:      layout_rooms, minmay_worlds_worst_comb, uniq_natasha, uniq_terence

Skill      XL: |  1  2  3 |
---------------+----------+-----
Axes           | 4 5 |  5.0
Fighting       | 4 |  4.5
Armour         | |  2.6
Dodging        | |  2.8
Stealth        | |  0.2

Action                     |  1- 3 |  4- 6 || total
---------------------------+-------+-------++-------
  Melee: Hand axe          |    71 |     3 ||    74
         Headbutt          |    12 |       ||    12
 Invoke: Berserk           |     1 |       ||     1
   Stab: Sleeping          |     1 |       ||     1
 Armour: Animal skin       |    61 |     5 ||    66
  Dodge: Dodged            |    66 |     3 ||    69
